| TOP OF THE 1ST |
|
Detroit Red Wings batting - Pitching for Brockton Rox : RHP Emile Pirandello
|
|
Pitching: RHP Emile Pirandello
|
|
|
Batting: RHB António Scarlett
|
0-0: Called Strike 0-1: Fly out, F5 (Line Drive, 56, EV 66.9 MPH)
|
|
Batting: LHB Simon Barry
|
0-0: Ball 1-0: Ball 2-0: Called Strike 2-1: Foul Ball, location: 2F 2-2: Foul Ball, location: 2F 2-2: Ball 3-2: Strikes out swinging
|
|
Batting: LHB Duda Pinho
|
0-0: Called Strike 0-1: Fly out, F9 (Flyball, 9D, EV 98.8 MPH)
|
| Top of the 1st over - 0 runs, 0 hits, 0 errors, 0 left on base; Detroit 0 - Brockton 0 |
| BOTTOM OF THE 1ST |
|
Brockton Rox batting - Pitching for Detroit Red Wings : RHP Jimmy Dean
|
|
Pitching: RHP Jimmy Dean
|
|
|
Batting: RHB Jose Blocker
|
0-0: Swinging Strike 0-1: Swinging Strike 0-2: Ball 1-2: Ball 2-2: Foul Ball, location: 2F 2-2: Ball 3-2: Foul Ball, location: 2F 3-2: Base on Balls
|
|
Batting: RHB Kyle Franken
|
0-0: 2-RUN HOME RUN (Flyball, 7LD, EV 94.4 MPH), Distance : 353 ft
|
|
Batting: RHB Matt Walker
|
0-0: Foul Ball, location: 2F 0-1: Fly out, F7 (Flyball, 7, EV 90.6 MPH)
|
|
Batting: LHB Jim Connel
|
0-0: Ball 1-0: Swinging Strike 1-1: Called Strike 1-2: Reached on error, E4 (Groundball, 34D, EV 103.1 MPH)
|
|
Batting: SHB Mel Gonzalez
|
0-0: Called Strike 0-1: Foul Ball, location: 2F 0-2: Foul Ball, location: 2F 0-2: Grounds into double play, 4-6-3 (Groundball, 4, EV 78.1 MPH)
|
| Bottom of the 1st over - 2 runs, 1 hit, 1 error, 0 left on base; Detroit 0 - Brockton 2 |
| TOP OF THE 2ND |
|
Detroit Red Wings batting - Pitching for Brockton Rox : RHP Emile Pirandello
|
|
Batting: RHB Carlos Avila
|
0-0: Ball 1-0: Called Strike 1-1: Foul Ball, location: 2F 1-2: Fly out, F9 (Flyball, 9LDF, EV 106.2 MPH)
|
|
Batting: RHB Harry Tugnut
|
0-0: Called Strike 0-1: Swinging Strike 0-2: Ball 1-2: Strikes out swinging
|
|
Batting: SHB Salvador Lacosta
|
0-0: Fly out, F7 (Line Drive, 7, EV 96.2 MPH)
|
| Top of the 2nd over - 0 runs, 0 hits, 0 errors, 0 left on base; Detroit 0 - Brockton 2 |
| BOTTOM OF THE 2ND |
|
Brockton Rox batting - Pitching for Detroit Red Wings : RHP Jimmy Dean
|
|
Batting: RHB Jeremy Valk
|
0-0: Ball 1-0: Swinging Strike 1-1: Foul Ball, location: 2F 1-2: Fly out, F8 (Flyball, 8RD, EV 85.6 MPH)
|
|
Batting: RHB Joe Borrowman
|
0-0: Fly out, F2 (Popup, 3SF, EV 73.1 MPH)
|
|
Batting: LHB Makoto Shimazu
|
0-0: Ball 1-0: Ball 2-0: Called Strike 2-1: Swinging Strike 2-2: Strikes out swinging
|
| Bottom of the 2nd over - 0 runs, 0 hits, 0 errors, 0 left on base; Detroit 0 - Brockton 2 |
| TOP OF THE 3RD |
|
Detroit Red Wings batting - Pitching for Brockton Rox : RHP Emile Pirandello
|
|
Batting: SHB Bill Casal
|
0-0: Ball 1-0: Ball 2-0: Ball 3-0: Called Strike 3-1: Foul Ball, location: 2F 3-2: Foul Ball, location: 2F 3-2: Foul Ball, location: 2F 3-2: Ground out 5-3 (Groundball, 5, EV 83.1 MPH)
|
|
Batting: RHB Jason LeBlanc
|
0-0: Ground out 5-3 (Groundball, 56S, EV 87.5 MPH)
|
|
Batting: RHB Mark Massey
|
0-0: Ball 1-0: Fly out, F9 (Flyball, 9, EV 82.5 MPH)
|
| Top of the 3rd over - 0 runs, 0 hits, 0 errors, 0 left on base; Detroit 0 - Brockton 2 |
| BOTTOM OF THE 3RD |
|
Brockton Rox batting - Pitching for Detroit Red Wings : RHP Jimmy Dean
|
|
Batting: LHB Darby Starburster
|
0-0: Fly out, F8 (Flyball, 8RD, EV 87.5 MPH)
|
|
Batting: RHB Jose Blocker
|
0-0: Foul Ball, location: 2F 0-1: Ball 1-1: Ball 2-1: Foul Ball, location: 2F 2-2: Ball 3-2: Fly out, F6 (Line Drive, 6, EV 72.5 MPH)
|
|
Batting: RHB Kyle Franken
|
0-0: Ball 1-0: Ball 2-0: Called Strike 2-1: Foul Ball, location: 2F 2-2: Strikes out looking
|
| Bottom of the 3rd over - 0 runs, 0 hits, 0 errors, 0 left on base; Detroit 0 - Brockton 2 |
| TOP OF THE 4TH |
|
Detroit Red Wings batting - Pitching for Brockton Rox : RHP Emile Pirandello
|
|
Batting: RHB António Scarlett
|
0-0: Called Strike 0-1: Ball 1-1: Swinging Strike 1-2: Strikes out looking
|
|
Batting: LHB Simon Barry
|
0-0: Ball 1-0: Ball 2-0: Swinging Strike 2-1: Foul Ball, location: 2F 2-2: Ball 3-2: Base on Balls
|
|
Batting: LHB Duda Pinho
|
0-0: Ball 1-0: Called Strike 1-1: Ball 2-1: Fielders Choice at 2nd, 4-6 (Groundball, 34D, EV 85.0 MPH)
|
|
Batting: RHB Carlos Avila
|
0-0: Ball Duda Pinho steals 2nd base (no throw) 1-0: SINGLE (Groundball, 6D, EV 100.6 MPH) Duda Pinho to third Runner from 3rd tries for Home, SAFE, throw by CF to home Carlos Avila to second
|
|
Batting: RHB Harry Tugnut
|
0-0: Ball 1-0: Called Strike 1-1: Swinging Strike 1-2: Foul Ball, location: 2F 1-2: SINGLE (Groundball, 25, EV 70.6 MPH) (infield hit) Carlos Avila to third
|
|
Batting: SHB Salvador Lacosta
|
0-0: Swinging Strike 0-1: Ball 1-1: Called Strike Pickoff Throw by Catcher to First - Out!
|
| Top of the 4th over - 1 run, 2 hits, 0 errors, 1 left on base; Detroit 1 - Brockton 2 |
| BOTTOM OF THE 4TH |
|
Brockton Rox batting - Pitching for Detroit Red Wings : RHP Jimmy Dean
|
|
Batting: RHB Matt Walker
|
0-0: Called Strike 0-1: Swinging Strike 0-2: Strikes out swinging
|
|
Batting: LHB Jim Connel
|
0-0: Ball 1-0: Ground out 4-3 (Groundball, 4, EV 86.2 MPH)
|
|
Batting: SHB Mel Gonzalez
|
0-0: Foul Ball, location: 2F 0-1: Foul Ball, location: 2F 0-2: Ball 1-2: Ball 2-2: Ball 3-2: Base on Balls
|
|
Batting: RHB Jeremy Valk
|
0-0: Ball 1-0: Swinging Strike 1-1: SINGLE (Flyball, 7S, EV 88.8 MPH) Mel Gonzalez to second
|
|
Batting: RHB Joe Borrowman
|
0-0: Swinging Strike 0-1: Foul Ball, location: 2F 0-2: Strikes out swinging
|
| Bottom of the 4th over - 0 runs, 1 hit, 0 errors, 2 left on base; Detroit 1 - Brockton 2 |
| TOP OF THE 5TH |
|
Detroit Red Wings batting - Pitching for Brockton Rox : RHP Emile Pirandello
|
|
Batting: SHB Salvador Lacosta
|
0-0: Called Strike 0-1: Swinging Strike 0-2: Ball 1-2: Ball 2-2: Ball 3-2: Foul Ball, location: 2F 3-2: Foul Ball, location: 2F 3-2: Base on Balls
|
|
Batting: SHB Bill Casal
|
0-0: Ball 1-0: Called Strike 1-1: Foul Ball, location: 2F 1-2: Ball 2-2: Ball 3-2: Fly out, F9 (Line Drive, 9D, EV 93.8 MPH)
|
|
Batting: RHB Jason LeBlanc
|
0-0: SINGLE (Line Drive, 8LS, EV 96.2 MPH) Salvador Lacosta to second
|
|
Batting: RHB Mark Massey
|
0-0: Called Strike 0-1: Swinging Strike 0-2: Foul Ball, location: 2F 0-2: Ball 1-2: Ball 2-2: Foul Ball, location: 2F 2-2: Strikes out swinging
|
|
Batting: RHB António Scarlett
|
0-0: Called Strike 0-1: Ball 1-1: Ball 2-1: Ball 3-1: Base on Balls Salvador Lacosta to third Jason LeBlanc to second
|
|
Pitching: RHP Vance Haynes
|
|
|
Batting: LHB Simon Barry
|
0-0: Called Strike 0-1: Ball 1-1: Ball 2-1: Called Strike 2-2: Ball 3-2: Ground out 1-3 (Groundball, 15S, EV 68.8 MPH)
|
| Top of the 5th over - 0 runs, 1 hit, 0 errors, 3 left on base; Detroit 1 - Brockton 2 |
| BOTTOM OF THE 5TH |
|
Brockton Rox batting - Pitching for Detroit Red Wings : RHP Jimmy Dean
|
|
Batting: LHB Makoto Shimazu
|
0-0: Foul Ball, location: 2F 0-1: Called Strike 0-2: Foul Ball, location: 2F 0-2: Strikes out looking
|
|
Batting: LHB Darby Starburster
|
0-0: Fly out, F9 (Flyball, 9LS, EV 91.9 MPH)
|
|
Batting: RHB Jose Blocker
|
0-0: SINGLE (Line Drive, 78M, EV 100.6 MPH)
|
|
Batting: RHB Kyle Franken
|
0-0: Called Strike Jose Blocker is caught stealing 2nd base 2-4
|
| Bottom of the 5th over - 0 runs, 1 hit, 0 errors, 0 left on base; Detroit 1 - Brockton 2 |
| TOP OF THE 6TH |
|
Detroit Red Wings batting - Pitching for Brockton Rox : RHP Vance Haynes
|
|
Batting: LHB Duda Pinho
|
0-0: Foul Ball, location: 2F 0-1: Foul Ball, location: 2F 0-2: Ball 1-2: Strikes out swinging
|
|
Pinch Hitting: LHB David Kyle
|
0-0: Called Strike 0-1: Ball 1-1: Ball 2-1: Ball 3-1: Base on Balls
|
|
Batting: RHB Harry Tugnut
|
0-0: Called Strike 0-1: Fly out, F8 (Line Drive, 8LM, EV 94.4 MPH)
|
|
Batting: SHB Salvador Lacosta
|
0-0: Ball 1-0: Swinging Strike 1-1: Ball 2-1: Swinging Strike 2-2: Strikes out swinging
|
| Top of the 6th over - 0 runs, 0 hits, 0 errors, 1 left on base; Detroit 1 - Brockton 2 |
| BOTTOM OF THE 6TH |
|
Brockton Rox batting - Pitching for Detroit Red Wings : RHP Jimmy Dean
|
|
Now at 2B: Ryan Adams
|
|
|
Batting: RHB Kyle Franken
|
0-0: Called Strike 0-1: Fly out, F8 (Flyball, 8RD, EV 96.9 MPH)
|
|
Batting: RHB Matt Walker
|
0-0: Ball 1-0: Reached on error, E5 (Groundball, 56, EV 80.6 MPH)
|
|
Batting: LHB Jim Connel
|
0-0: Intentional Walk
|
|
Batting: SHB Mel Gonzalez
|
0-0: Swinging Strike 0-1: Grounds into double play, 6-4-3 (Groundball, 6, EV 101.9 MPH)
|
| Bottom of the 6th over - 0 runs, 0 hits, 1 error, 1 left on base; Detroit 1 - Brockton 2 |
| TOP OF THE 7TH |
|
Detroit Red Wings batting - Pitching for Brockton Rox : RHP Vance Haynes
|
|
Batting: SHB Bill Casal
|
0-0: Ball 1-0: Ball 2-0: Ball 3-0: Base on Balls
|
|
Pinch Hitting: SHB Roderick Speed
|
0-0: Foul Ball, location: 2F 0-1: Ball 1-1: 2-RUN HOME RUN (Flyball, 9D, EV 100.0 MPH), Distance : 392 ft
|
|
Batting: RHB Mark Massey
|
0-0: Called Strike 0-1: Foul Ball, location: 2F 0-2: Ball 1-2: Ball 2-2: Strikes out looking
|
|
Batting: RHB António Scarlett
|
0-0: Ball 1-0: Called Strike 1-1: Called Strike 1-2: SINGLE (Flyball, 8LS, EV 86.2 MPH)
|
|
Pitching: RHP Jason Metaxas
|
|
|
Batting: LHB Simon Barry
|
0-0: Called Strike 0-1: Ball António Scarlett is caught stealing 2nd base 2-6 1-1: Fly out, F6 (Line Drive, 6D, EV 71.2 MPH)
|
| Top of the 7th over - 2 runs, 2 hits, 0 errors, 0 left on base; Detroit 3 - Brockton 2 |
| BOTTOM OF THE 7TH |
|
Brockton Rox batting - Pitching for Detroit Red Wings : RHP Jimmy Dean
|
|
Now at 1B: Tim Spence
|
|
|
Pinch Hitting: SHB Zach Clark
|
0-0: Ball 1-0: Ball 2-0: Called Strike 2-1: DOUBLE (Flyball, 8LXD, EV 92.5 MPH)
|
|
Pitching: RHP Joshua Wilson
|
|
|
Pinch Hitting: LHB Isaiah Spitzbarth
|
0-0: Called Strike 0-1: DOUBLE (Flyball, 8LXD, EV 93.1 MPH) Zach Clark scores
|
|
Pinch Hitting: LHB Joe Martens
|
0-0: Intentional Walk
|
|
Batting: LHB Darby Starburster
|
0-0: Bunted foul 0-1: Sac Bunt to 3S - play at first, batter OUT! 3-1 Isaiah Spitzbarth to third Joe Martens to second
|
|
Batting: RHB Jose Blocker
|
0-0: Called Strike 0-1: Ground out 5-3 (Groundball, 56, EV 85.0 MPH) Isaiah Spitzbarth scores
|
|
Batting: RHB Kyle Franken
|
0-0: Ball 1-0: Ball Passed Ball! Joe Martens to third 2-0: Foul Ball, location: 2F 2-1: Reached on error, E5 (Groundball, 56S, EV 77.5 MPH) Joe Martens scores
|
|
Batting: RHB Matt Walker
|
0-0: Ball 1-0: Foul Ball, location: 2F 1-1: SINGLE (Line Drive, 7S, EV 106.2 MPH) Kyle Franken to second
|
|
Batting: LHB Jim Connel
|
0-0: Ball 1-0: Called Strike 1-1: Fly out, F8 (Flyball, 8RM, EV 88.1 MPH)
|
| Bottom of the 7th over - 3 runs, 3 hits, 1 error, 2 left on base; Detroit 3 - Brockton 5 |
| TOP OF THE 8TH |
|
Detroit Red Wings batting - Pitching for Brockton Rox : RHP Jason Metaxas
|
|
Now at 2B: Zach Clark
|
|
|
Now at SS: Darby Starburster
|
|
|
Now in LF: Joe Martens
|
|
|
Now in RF: Wu-sheng Zi
|
|
|
Batting: LHB Duda Pinho
|
0-0: TRIPLE (Flyball, 78XD, EV 105.6 MPH)
|
|
Batting: LHB Ryan Adams
|
0-0: Called Strike 0-1: Ball 1-1: Ball 2-1: Ground out 4-3 (Groundball, 4S, EV 78.8 MPH) Duda Pinho scores
|
|
Batting: RHB Harry Tugnut
|
0-0: TRIPLE (Flyball, 8RXD, EV 101.2 MPH)
|
|
Batting: SHB Salvador Lacosta
|
0-0: Ball 1-0: Called Strike 1-1: Foul Ball, location: 2F 1-2: Ball 2-2: Foul Ball, location: 2F 2-2: Strikes out swinging
|
|
Batting: SHB Bill Casal
|
0-0: Called Strike 0-1: Ball 1-1: Fly out, F8 (Flyball, 8RD, EV 98.1 MPH)
|
| Top of the 8th over - 1 run, 2 hits, 0 errors, 1 left on base; Detroit 4 - Brockton 5 |
| BOTTOM OF THE 8TH |
|
Brockton Rox batting - Pitching for Detroit Red Wings : RHP Joshua Wilson
|
|
Batting: SHB Mel Gonzalez
|
0-0: Foul Ball, location: 2F 0-1: Swinging Strike 0-2: Ball 1-2: Ground out 4-3 (Groundball, 34S, EV 87.5 MPH)
|
|
Batting: SHB Zach Clark
|
0-0: Ground out 4-3 (Groundball, 4, EV 101.9 MPH)
|
|
Batting: RHB Wu-sheng Zi
|
0-0: Ball 1-0: Foul Ball, location: 2F 1-1: Ball 2-1: Ball 3-1: Fly out, F8 (Flyball, 8LM, EV 90.0 MPH)
|
| Bottom of the 8th over - 0 runs, 0 hits, 0 errors, 0 left on base; Detroit 4 - Brockton 5 |
| TOP OF THE 9TH |
|
Detroit Red Wings batting - Pitching for Brockton Rox : RHP Jason Metaxas
|
|
Pitching: RHP Chris Hallman
|
|
|
Batting: RHB Tim Spence
|
0-0: Foul Ball, location: 2F 0-1: Foul Ball, location: 2F 0-2: Strikes out swinging
|
|
Batting: RHB Victor Acuna
|
0-0: Foul Ball, location: 2F 0-1: Foul Ball, location: 2F 0-2: Ball 1-2: Fly out, F4 (Popup, 3D, EV 60.6 MPH)
|
|
Batting: RHB António Scarlett
|
0-0: Ball 1-0: Ball 2-0: Ball 3-0: Base on Balls
|
|
Batting: LHB Simon Barry
|
0-0: Foul Ball, location: 2F 0-1: Ball 1-1: Foul Ball, location: 2F 1-2: Ball 2-2: Ball 3-2: Base on Balls António Scarlett to second
|
|
Batting: LHB Duda Pinho
|
0-0: Swinging Strike 0-1: Swinging Strike 0-2: Foul Ball, location: 2F 0-2: Strikes out swinging
|
| Top of the 9th over - 0 runs, 0 hits, 0 errors, 2 left on base; Detroit 4 - Brockton 5 |
|